 Dungeon Crawl Stone Soup version 0.20-a0-555-gf6ae02d (webtiles) character file.

219 Minion the Slasher (level 5, -6/41 HPs)
             Began as a Demonspawn Abyssal Knight on Feb 7, 2017.
             Was a Priest of Lugonu.
             Mangled by an orc
             ... wielding a cursed -2 flail
              (7 damage)
             ... on level 4 of the Dungeon.
             The game lasted 00:05:42 (3635 turns).

Minion the Slasher (Demonspawn Abyssal Knight)      Turns: 3635, Time: 00:05:43

Health: -6/41      AC:  9    Str: 13    XL:     5   Next: 64%
Magic:  6/6        EV: 10    Int: 14    God:    Lugonu [***...]
Gold:   176        SH:  0    Dex: 12    Spells: 4/4 levels left

rFire    . . .     SeeInvis .   a - +1 falchion
rCold    . . .     Gourm    .   g - +0 ring mail
rNeg     . . .     Faith    .   (no shield)
rPois    .         Spirit   .   n - +0 helmet
rElec    .         Reflect  .   (no cloak)
rCorr    .         Harm     .   (no gloves)
MR       .....                  (no boots)
Stlth    +.........             (no amulet)
Regen    0.2/turn               (no ring)
                                (no ring)

@: no status effects
A: icy blue scales 2
a: Depart the Abyss, Bend Space, Banish, Renounce Religion


You were on level 4 of the Dungeon.
You worshipped Lugonu.
Lugonu was most pleased with you.
You were not hungry.

You visited 1 branch of the dungeon, and saw 4 of its levels.
You visited the Abyss 1 time.

You collected 176 gold pieces.

Inventory:

Hand Weapons
 a - a +1 falchion (weapon)
Armour
 g - a +0 ring mail (worn)
 n - a +0 helmet (worn)
Wands
 t - a wand of polymorph (12/24)
 u - a wand of polymorph (12/24)
Scrolls
 d - 6 scrolls of identify {unknown}
 e - 2 scrolls of blinking {unknown}
 h - a scroll of recharging {unknown}
 i - a scroll of remove curse {unknown}
 j - 2 scrolls of enchant weapon {unknown}
 l - a scroll of enchant armour {unknown}
 m - 2 scrolls of teleportation {unknown}
 p - 2 scrolls of magic mapping {unknown}
Potions
 b - a potion of degeneration {unknown}
 f - a potion of curing {unknown}
 k - a potion of haste {unknown}
 s - a potion of mutation {unknown}
 v - a potion of brilliance {unknown}
Comestibles
 c - 3 bread rations
 o - a royal jelly
 q - a meat ration
 r - 4 chunks of flesh


   Skills:
 - Level 3.0 Fighting
 + Level 5.4 Long Blades
 - Level 1.7 Armour
 - Level 0.8 Dodging
 - Level 2.4 Invocations


You had 4 spell levels left.
You didn't know any spells.

Dungeon Overview and Level Annotations

Branches:
Dungeon (4/15)
 Temple: D:4-7

Altars:
Fedhas
Sif Muna
Zin
The Shining One


Innate Abilities, Weirdness & Mutations

You are mostly covered in icy blue scales. (AC +3)


Message History

The orc hits you with a flail.
* * * LOW HITPOINT WARNING * * *
The orc hits you with a flail.
* * * LOW HITPOINT WARNING * * *
The orc priest hits you but does no damage.
You hit the orc priest.
The orc priest is almost dead.
The orc barely misses you. x2; The orc wizard hits you with a dagger.
* * * LOW HITPOINT WARNING * * *
You closely miss the orc priest.
The orc priest is almost dead.
The orc priest hits you but does no damage.
The orc hits you with a flail.
* * * LOW HITPOINT WARNING * * *
The orc wizard barely misses you. The orc hits you but does no damage.
You hit the orc priest.
You kill the orc priest!
Lugonu accepts your kill. The orc hits you with a flail!
You die...

#...........
#...........
###...........
............
#........
#####?.....#
......o)...+
###.o@...#####
......o.....#.<#
###########.#..#
#.##.# #.##.#
#.##.# #.##.#
#.##.# #....#


You could see an orc wizard and 2 orcs.

Vanquished Creatures
  An orc priest (D:4)
  A bullfrog skeleton (D:3)
  8 adders
  2 worms (D:2)
  3 dart slugs
  A leopard gecko (D:3)
  4 orcs
  3 giant cockroaches
  2 goblins (D:2)
  10 hobgoblins
  7 jackals
  8 kobolds
  2 quokkas
  9 bats
  5 frilled lizards
  11 rats
77 creatures vanquished.

Notes
Turn   | Place    | Note
-------+----------+-------------------------------------------
     0 | Abyss:1  | Minion the Demonspawn Abyssal Knight began the quest for the Orb.
     0 | Abyss:1  | Reached XP level 1. HP: 18/18 MP: 2/2
    48 | Abyss:1  | Noticed a large abomination
   186 | D:1      | Escaped the Abyss
   233 | D:1      | Reached skill level 2 in Long Blades
   580 | D:1      | Gained mutation: You are partially covered in icy blue scales. (AC +2) [demonic ancestry]
   580 | D:1      | Reached XP level 2. HP: 24/24 MP: 3/3
   829 | D:1      | Reached skill level 3 in Long Blades
   835 | D:1      | Reached ** piety under Lugonu
  1187 | D:1      | Gained mutation: You are mostly covered in icy blue scales. (AC +3) [demonic ancestry]
  1187 | D:1      | Reached XP level 3. HP: 28/29 MP: 4/4
  1703 | D:2      | Found a glowing silver altar of Zin.
  1824 | D:2      | Reached XP level 4. HP: 35/35 MP: 5/5
  1961 | D:2      | Reached skill level 4 in Long Blades
  2433 | D:3      | Found a blossoming altar of Fedhas.
  3047 | D:3      | Found a glowing golden altar of the Shining One.
  3084 | D:3      | Reached XP level 5. HP: 25/41 MP: 6/6
  3255 | D:3      | Reached *** piety under Lugonu
  3261 | D:3      | Reached skill level 5 in Long Blades
  3520 | D:3      | Found a blossoming altar of Fedhas.
  3521 | D:3      | Found a deep blue altar of Sif Muna.
  3634 | D:4      | HP: 1/41 [orc/flail (3)]
  3635 | D:4      | Mangled by an orc

Vault maps used:
D:1:      zaba_arrival_water
D:2:      lemuel_coloured_pillars_altar, first_bread
D:3:      nicolae_tso_carved_into_rock, minitemple, fedhas_altar_2
D:4:      interstate_on_off

Skill      XL: |  1  2  3  4  5 |
---------------+----------------+-----
Long Blades    | 2 3 4 5 |  5.4
Fighting       | |  3.0
Armour         | |  1.7
Dodging        | |  0.8
Invocations    | |  2.4

Action                   |  1- 3 |  4- 6 || total
-------------------------+-------+-------++-------
Melee: Falchion          |   126 |   119 ||   245
  Eat: Chunk             |     3 |     6 ||     9
Armor: Leather armour    |     7 |       ||     7
       Ring mail         |    55 |    60 ||   115
Dodge: Dodged            |    86 |    73 ||   159
       Rpst.: Falchion   |    32 |    25 ||    57
